 Dungeon Crawl Stone Soup version 0.30-a0-696-g2367cd04db (webtiles) character file.

Game seed: 67089643057840232

10081 Newt the Fighter (level 11, -8/89 HPs)
             Began as a Demonspawn Gladiator on Jan 20, 2023.
             Was an Elder of Okawaru.
             Mangled by a wyvern (9 damage)
             ... on level 9 of the Dungeon.
             The game lasted 00:15:04 (11262 turns).

Newt the Fighter (Demonspawn Gladiator)            Turns: 11262, Time: 00:15:04

Health: -8/89      AC:  9    Str: 19    XL:     11   Next: 31%
Magic:  9/18       EV: 13    Int:  9    God:    Okawaru [****..]
Gold:   339        SH:  5    Dex: 15    Spells: 20/20 levels left

rFire   . . .      SeeInvis +    R - +5 whip "Qantugad" {heavy, SInv}
rCold   . . .      Faith    .    s - +0 buckler
rNeg    . . .      Spirit   .    P - +0 steam dragon scales
rPois   .          Reflect  .    (helmet restricted)
rElec   .          Harm     .    v - scarf {repulsion}
rCorr   +          Rampage  .    C - +3 Mad Mage's Maulers {Infuse+∞ VampMP -Cast}
Will    .....      NoCast   +    (no boots)
Stlth   ++                       y - amulet of magic regeneration
HPRegen 0.34/turn                t - ring of resist corrosion
MPRegen 0.56/turn                (no ring)

@: mighty, slowed, studying Transmutations, invisible, repel missiles, very slow
A: horns 2, (demonic guardian 1), powered by pain 2, sturdy frame 1, hooves 1,
mutation resistance 1
a: Renounce Religion, Heroism, Finesse


You were on level 9 of the Dungeon.
You worshipped Okawaru.
Okawaru was greatly pleased with you.
You visited 2 branches of the dungeon, and saw 10 of its levels.

You collected 389 gold pieces.
You spent 50 gold pieces at shops.

Inventory:

Hand Weapons
 a - a +0 rapier
 g - a +1 short sword of venom
 G - a +1 vampiric hand axe
 H - a +4 whip
 R - the +5 whip "Qantugad" (weapon) {heavy, SInv}
   (You found it on level 8 of the Dungeon)

   SInv:      It lets you see invisible.
 T - a +3 mace of freezing
Missiles
 d - 5 throwing nets (quivered)
 e - 4 javelins
 O - 2 curare-tipped darts
Armour
 b - a +0 leather armour
 c - a +0 helmet
 s - a +0 buckler (worn)
 v - a scarf of repulsion (worn)
 B - a +0 ring mail of cold resistance
 C - the +3 Mad Mage's Maulers (worn) {Infuse+∞ VampMP -Cast}
   (You acquired it on level 5 of the Dungeon)

   Infuse+∞: It empowers its wearer's blows with all of their magic.
   VampMP:    Blows struck in melee replenish the wearer's magic.
   -Cast:     It prevents spellcasting.
 L - a +0 leather armour of willpower
 P - +0 steam dragon scales (worn)
 S - a +0 kite shield
Jewellery
 o - an amulet of regeneration
 t - a ring of resist corrosion (left hand)
 y - an amulet of magic regeneration (around neck)
 W - a ring of positive energy
Wands
 n - a wand of flame (28)
 u - a wand of roots (32)
 D - a wand of polymorph (6)
Scrolls
 h - 2 scrolls of amnesia
 j - 4 scrolls of teleportation
 q - a scroll of immolation
 x - 2 scrolls of silence
 z - 2 scrolls of vulnerability
 E - 3 scrolls of magic mapping
 M - 2 scrolls of enchant armour {unknown}
 N - 3 scrolls of torment {unknown}
 U - a scroll of brand weapon {unknown}
 V - a scroll of poison {unknown}
Potions
 f - a potion of invisibility
 k - 3 potions of lignification
 l - a potion of degeneration
 m - a potion of cancellation
 p - 3 potions of flight
 r - 4 potions of brilliance
 w - 5 potions of curing
 A - a potion of mutation
 F - 2 potions of haste
 J - 3 potions of attraction
 K - a potion of berserk rage
Miscellaneous
 I - a piece from Xom's chessboard (15/15)


   Skills:
 - Level 9.0 Fighting
 - Level 4.0 Short Blades
 - Level 2.2(6.0) Axes
 - Level 8.8(9.0) Maces & Flails
 - Level 1.7 Throwing
 + Level 3.5 Armour
 - Level 4.0 Dodging
 - Level 2.0 Stealth
 - Level 6.0 Shields
 - Level 5.0 Spellcasting
 - Level 5.0 Evocations


You had 20 spell levels left.
You didn't know any spells.
Your spell library contained the following spells:

 Spells                   Type           Power      Damage    Failure   Level
 Storm Form               Tmut/Air       1%         N/A       100%        7
 Maxwell's Capacitive Co  Air            1%         ∞         100%        8
 Summon Lightning Spire   Summ/Air       Unusable   N/A       N/A         4

Dungeon Overview and Level Annotations

Branches:
Dungeon (9/15)             Temple (1/1) D:7
   Lair: D:8-11         Orc: D:9-12

Altars:
Ashenzari
Cheibriados
Dithmenos
Fedhas
Gozag
Hepliaklqana
Kikubaaqudgha
Makhleb
Nemelex Xobeh
Okawaru
Qazlal
Ru
Sif Muna
Trog
Uskayaw
Vehumet
Wu Jian
Xom
Yredelemnul

Shops:
D:5 *   D:8 !   D:9 (


Innate Abilities, Weirdness & Mutations

You have a pair of horns on your head.
((A weak demonic guardian rushes to your aid.))
You sometimes gain power by taking damage.
Your movements are slightly less encumbered by armour. (ER -2)
You have large cloven feet.
You are somewhat resistant to further mutation.


Message History

The wraith hits you but does no damage.
You hit the wraith but do no damage. You block the wraith's attack.
You barely miss the wraith. You kick the wraith!
The wraith is moderately damaged.
The bullfrog releases a deep croak.
The wraith hits you. The wraith drains your vigour!
You feel yourself slow down.
You barely miss the wraith. You kick the wraith. You headbutt the wraith.
The wraith is severely damaged.
The wraith hits you. The wraith drains your vigour!
You feel as though you will be slow longer.
You block the wraith's attack.
You whack the wraith! You kick the wraith.
You destroy the wraith!
Okawaru accepts your kill. The wyvern barely misses you.
You hit the wyvern.
The wyvern is lightly wounded.
You block the wyvern's attack. The wyvern bites you!
You whack the wyvern! Your kick misses the wyvern. You headbutt the wyvern.
The wyvern is almost dead.
You block the wyvern's attack. x3
The wyvern attacks as you move away!
The wyvern bites you but does no damage.
The wyvern barely misses you. The wyvern bites you! The wyvern bites you!
* * * LOW HITPOINT WARNING * * *
The wyvern misses you. The wyvern barely misses you.
The yak attacks as you move away! The yak gores you!
* * * LOW HITPOINT WARNING * * *
You block the wyvern's attack. The wyvern bites you.
* * * LOW HITPOINT WARNING * * *
Okay, then.
Okay, then.
You fade into invisibility!
You block the wyvern's attack. The wyvern bites you!
You die...

.#######..)..#.####
.##).................
.##.###...∩...#####.# ....#
#.....†.## #.# ###.# ##.....#.#
#.# . #.# ##(..##.# #.# ... #.#
#.#....####.# #####K... #.#
#.........#.####.To.K...
###.#####.......@l.OYFF).KFo....
.................Y#.####y.YYK...
###............####.# ###Yo....
#.####............#### ##....
#.# #..##>..####....# ... #.#
#..###### #.#### .. #.# #..# #.#
. #.# #<.# #.# #.# #..###### #.#


You could see a two-headed ogre (unable to see you), 2 yaks, a wyvern (unable to
see you) and 2 bullfrogs.

Vanquished Creatures
  3 two-headed ogres
  A salamander (shapeshifter) (D:8)
  Maurice (D:8)
  A gargoyle (D:7)
  A kobold demonologist (D:9)
  A troll (D:8)
  A hornet (D:8)
  Grinder (D:6)
  Sigmund (D:5)
  3 wyverns
  A wraith (D:9)
  8 yaks
  A steam dragon (D:7)
  Edmund (D:5)
  A water moccasin (D:5)
  Duvessa (D:6)
  4 sky beasts
  3 ice beasts
  2 orc warriors (D:9)
  4 centaurs
  5 kobold brigands
  A phantom (D:6)
  4 bullfrogs
  A gnoll sergeant (D:8)
  4 scorpions
  6 wights (D:8)
  Dowan (D:6)
  8 killer bees (D:9)
  7 howler monkeys
  A crimson imp (D:7)
  A hound (D:5)
  6 orc priests
  A jelly (D:6)
  5 iguanas
  An orc wizard (D:8)
  12 gnolls
  2 adders
  A shadow imp (D:7)
  2 white imps
  A dart slug (D:1)
  21 orcs
  6 ball pythons
  7 bats
  3 endoplasms
  4 giant cockroaches
  16 goblins
  8 hobgoblins
  7 jackals
  3 quokkas (D:2)
  4 frilled lizards
  23 kobolds
  6 rats
218 creatures vanquished.

Vanquished Creatures (collateral kills)
  2 yaks (D:5)
  A gnoll bouda (D:5)
  A gnoll (D:4)
  An orc (D:5)
  A goblin (D:2)
6 creatures vanquished.

Vanquished Creatures (others)
  A kobold (D:2)
1 creature vanquished.

Grand Total: 225 creatures vanquished

Notes
Turn   | Place    | Note
-------+----------+-------------------------------------------
     0 | D:1      | Newt the Demonspawn Gladiator began the quest for the Orb.
     0 | D:1      | Reached XP level 1. HP: 16/16 MP: 1/1
   146 | D:1      | Reached skill level 1 in Stealth
   226 | D:1      | Gained mutation: A weak demonic guardian rushes to your
                  | aid. [demonic ancestry]
   226 | D:1      | Reached XP level 2. HP: 15/22 MP: 2/2
   848 | D:2      | Found a hide-covered altar of Uskayaw.
   855 | D:2      | Gained mutation: You sometimes gain a little power by
                  | taking damage. [demonic ancestry]
   855 | D:2      | Reached XP level 3. HP: 27/28 MP: 3/3
  1088 | D:2      | Reached skill level 3 in Fighting
  2005 | D:3      | Reached skill level 4 in Fighting
  2005 | D:3      | Reached XP level 4. HP: 20/37 MP: 4/4
  2508 | D:3      | Found a faded altar of an unknown god.
  2762 | D:4      | Noticed a scorpion
  2846 | D:4      | Gained mutation: You have a pair of small horns on your
                  | head. [demonic ancestry]
  2846 | D:4      | Reached XP level 5. HP: 16/42 MP: 5/5
  3005 | D:4      | Found a broken altar of Ashenzari.
  3313 | D:5      | Entered Level 5 of the Dungeon
  3470 | D:5      | Reached XP level 6. HP: 48/48 MP: 6/6
  3557 | D:5      | Noticed a water moccasin
  3586 | D:5      | Killed a water moccasin
  3587 | D:5      | Reached skill level 1 in Shields
  3727 | D:5      | Found Byuppier's Assorted Antiques.
  3735 | D:5      | Bought a scroll labelled EVUXIUDYXT for 25 gold pieces
  3739 | D:5      | Bought a scroll labelled QOSHRU HAOXU for 25 gold pieces
  3739 | D:5      | Acquired the +3 Mad Mage's Maulers {Infuse+∞ VampMP -Cast}
  3739 | D:5      | Found the +3 Mad Mage's Maulers {Infuse+∞ VampMP -Cast}
  3842 | D:5      | Noticed a yak
  3843 | D:5      | Noticed a yak
  3844 | D:5      | Noticed a yak
  3844 | D:5      | Noticed a yak
  3844 | D:5      | Noticed a yak
  3845 | D:5      | Noticed a yak
  3863 | D:5      | Killed a yak
  3864 | D:5      | Gained mutation: You have a pair of horns on your head.
                  | [demonic ancestry]
  3864 | D:5      | Reached XP level 7. HP: 26/55 MP: 0/7
  3868 | D:5      | Killed a yak
  3869 | D:5      | Reached skill level 5 in Fighting
  3989 | D:4      | Killed a yak
  3990 | D:4      | Reached skill level 6 in Fighting
  4078 | D:4      | Killed a yak
  4079 | D:4      | Gained mutation: You sometimes gain power by taking damage.
                  | [demonic ancestry]
  4079 | D:4      | Reached XP level 8. HP: 64/64 MP: 0/13
  4099 | D:4      | Reached skill level 5 in Spellcasting
  4394 | D:5      | Reached skill level 7 in Fighting
  4883 | D:5      | Noticed Edmund
  4898 | D:5      | Killed Edmund
  5017 | D:5      | Noticed Sigmund
  5020 | D:5      | Killed Sigmund
  5021 | D:5      | Reached skill level 8 in Fighting
  5748 | D:6      | Reached XP level 9. HP: 75/75 MP: 4/16
  5959 | D:6      | Noticed Grinder
  5990 | D:6      | Paralysed by Grinder for 5 turns
  6003 | D:6      | Killed Grinder
  6004 | D:6      | Reached skill level 9 in Fighting
  6130 | D:6      | Noticed Dowan
  6148 | D:6      | Reached skill level 1 in Axes
  6234 | D:6      | Noticed Duvessa
  6239 | D:6      | Killed Duvessa
  6257 | D:6      | Killed Dowan
  6392 | D:6      | Reached skill level 1 in Maces & Flails
  7037 | D:7      | Gained mutation: You are somewhat resistant to further
                  | mutation. [potion of mutation]
  7037 | D:7      | Gained mutation: You have large cloven feet. [potion of
                  | mutation]
  7176 | D:7      | Found a staircase to the Ecumenical Temple.
  7202 | Temple   | Entered the Ecumenical Temple
  7492 | Temple   | Became a worshipper of Warmaster Okawaru
  7938 | D:7      | Noticed a gargoyle
  7977 | D:7      | Killed a gargoyle
  7978 | D:7      | Reached skill level 5 in Maces & Flails
  8431 | D:7      | Reached * piety under Okawaru
  8645 | D:7      | Reached XP level 10. HP: 74/83 MP: 2/17
  8783 | D:7      | Found a burning altar of Makhleb.
  8783 | D:7      | Found a shimmering altar of Xom.
  9152 | D:8      | Noticed Maurice
  9164 | D:8      | Reached ** piety under Okawaru
  9176 | D:8      | Identified the +5 whip "Qantugad" {heavy, SInv}
  9189 | D:8      | Killed Maurice
  9441 | D:8      | Noticed a two-headed ogre
  9444 | D:8      | Reached skill level 1 in Evocations
  9504 | D:8      | Killed a two-headed ogre
  9529 | D:8      | Found Muomecs's Distillery.
 10020 | D:8      | Noticed a salamander
 10039 | D:8      | Killed a salamander
 10039 | D:8      | Reached *** piety under Okawaru
 10040 | D:8      | Reached skill level 5 in Evocations
 10149 | D:8      | Noticed a two-headed ogre
 10164 | D:8      | HP: 4/83 [two-headed ogre/+0 giant club (22)]
 10238 | D:8      | Killed a two-headed ogre
 10241 | D:8      | Gained mutation: Your movements are slightly less
                  | encumbered by armour. (ER -2) [demonic ancestry]
 10241 | D:8      | Reached XP level 11. HP: 58/89 MP: 2/18
 10439 | D:8      | Reached skill level 5 in Shields
 10488 | D:8      | Reached **** piety under Okawaru
 10741 | D:9      | Found a basalt altar of Yredelemnul.
 11051 | D:9      | Found Yfukasasau's Weapon Boutique.
 11217 | D:9      | Identified the +3 trident of Infection {flame, rF- Str+2
                  | Int+4}
 11221 | D:9      | Reached skill level 1 in Armour
 11223 | D:9      | Noticed a two-headed ogre
 11231 | D:9      | Noticed a two-headed ogre
 11236 | D:9      | Killed a two-headed ogre
 11261 | D:9      | HP: 1/89 [wyvern (5)]
 11262 | D:9      | Mangled by a wyvern

Illustrated notes

Levels and vault maps discovered:
D:1:      psy_arrival_statuary, layout_loops_ring
D:2:      wander_river, layout_loops_ring, basic_altar, minmay_goblin_outpost
D:3:      layout_loops_ring, basic_ecumenical_altar
D:4:      layout_rooms, mainiacjoe_overflow_six_doors_small,
          nicolae_eternal_life
D:5:      layout_basic, serial_co_window_serial, co_window_of_opportunity_a,
          co_window_paths_b, co_window_corner_a, co_window_corner_a,
          co_window_of_opportunity_a, co_window_2corner,
          co_window_of_opportunity_b, co_window_2corner,
          co_window_of_opportunity_c, co_window_2corner,
          co_window_unsneaky_path_a, co_window_unsneaky_path_b,
          co_window_4corner_a, co_window_4corner_b, glass_columns_a,
          glass_columns_c, serial_shops, shop, sigmund_edmund_badplayer
D:6:      nicolae_cairo_tiling, layout_rooms, hellmonk_bongcloud_opening,
          uniq_grinder, uniq_duvessa
D:7:      layout_basic, grunt_temple_overflow_champion_of_chaos, temple_pool_b,
          minmay_manual_monstrance
D:8:      minmay_clustersquares, layout_rooms, serial_shops, shop, uniq_maurice
D:9:      minmay_four_partial_circles, layout_loops_ring,
          yredelemnul_altar_generic, serial_shops,
          nicolae_shop_bloodbath_and_beyond, bh_walls_and_bars
Temple:   hc_temple_tempest_star

Skill      XL: |  1  2  3  4  5  6  7  8  9 10 11 |
---------------+----------------------------------+-----
Stealth        | 1 2 |  2.0
Fighting       | 4 6 8 9 |  9.0
Dodging        | 3 4 |  4.0
Short Blades   | 3 4 |  4.0
Shields        | 3 4 6 |  6.0
Spellcasting   | 3 5 |  5.0
Axes           | 2 |  2.2
Maces & Flails | 6 8 |  8.8
Evocations     | 5 |  5.0
Armour         | 3 |  3.5
Throwing       | |  1.7

Action                   |  1- 3 |  4- 6 |  7- 9 | 10-12 || total
-------------------------+-------+-------+-------+-------++-------
Melee: Rapier            |    75 |       |       |       ||    75
       Short sword       |    99 |   133 |   135 |       ||   367
       Headbutt          |       |    13 |    50 |    37 ||   100
       Whip              |       |       |    79 |   212 ||   291
       Kick              |       |       |    25 |    61 ||    86
       Hand axe          |       |       |    12 |       ||    12
Throw: Javelin           |       |     1 |     1 |       ||     2
       Throwing net      |       |       |     1 |     2 ||     3
Evoke: Wand              |     1 |     1 |     4 |       ||     6
  Use: Scroll            |     6 |     7 |     3 |     6 ||    22
       Potion            |       |       |     3 |     1 ||     4
 Stab: Sleeping          |     5 |     2 |     1 |     2 ||    10
       Held in net/web   |       |       |     1 |       ||     1
Armor: Leather armour    |    46 |    18 |       |       ||    64
       Ring mail         |       |     4 |    66 |       ||    70
       Steam dragon scal |       |       |     1 |    49 ||    50
Dodge: Dodged            |    92 |    77 |    73 |   126 ||   368
       Repelled          |       |       |     4 |     2 ||     6
Block: Buckler           |       |    17 |    42 |    57 ||   116

Table legend: (Time is in decaauts)
 A = Elapsed time spent in this place.
 B = Non-inter-level travel time spent in this place.
 C = Inter-level travel time spent in this place.
 D = Time resting spent in this place.
 E = Time spent auto-exploring this place.
 F = Levels seen in this place.
 G = Mean time per level.
                   A        B        C        D        E       F      G
               +--------+--------+--------+--------+--------+-----+--------+
         Total |  11208 |  10898 |    310 |   1597 |   7605 |  10 | 1120.8 |
       Dungeon |  10901 |  10611 |    290 |   1597 |   7337 |   9 | 1211.2 |
        Temple |    306 |    287 |     19 |      0 |    267 |   1 |  306.0 |
               +--------+--------+--------+--------+--------+-----+--------+

Top non-repeatable levels by time:
     D:7: 2389 daAuts
     D:5: 2088 daAuts
     D:6: 1192 daAuts
     D:2: 1163 daAuts
     D:8: 985 daAuts
     D:4: 836 daAuts
     D:1: 812 daAuts
     D:3: 808 daAuts
     D:9: 624 daAuts
  Temple: 306 daAuts
